 Dungeon Crawl Stone Soup version 0.19.1-1-g22dce08 (webtiles) character file.

2464 Messajah the Carver (level 9, -8/71 HPs)
             Began as a Minotaur Fighter on Jan 17, 2017.
             Was a Priest of Okawaru.
             Killed from afar by a manticore (17 damage)
             ... with a volley of spikes
             ... on level 8 of the Dungeon.
             The game lasted 01:40:42 (8898 turns).

Messajah the Carver (Minotaur Fighter)              Turns: 8898, Time: 01:40:43

Health: -8/71      AC:  9    Str: 28    XL:     9   Next: 26%
Magic:  8/8        EV:  6    Int:  5    God:    Okawaru [***...]
Gold:   489        SH: 10    Dex: 11    Spells: 0 memorised, 8 levels left

rFire  . . .     SeeInvis .     a - +1 long sword
rCold  + . .     Gourm    .     X - +0 chain mail (curse)
rNeg   . . .     Faith    .     c - +0 shield
rPois  +         Spirit   .     (helmet restricted)
rElec  .         Reflect  .     (no cloak)
rCorr  .         Harm     .     (no gloves)
MR     .....                    (no boots)
Stlth  ..........               i - amulet of rage
                                y - ring of poison resistance
                                u - ring of protection from cold

@: mighty, barbed spikes
A: retaliatory headbutt, horns 2
a: Heroism, Renounce Religion, Evoke Berserk Rage


You were on level 8 of the Dungeon.
You worshipped Okawaru.
Okawaru was most pleased with you.
You were not hungry.

You visited 2 branches of the dungeon, and saw 9 of its levels.
You also visited: Sewer.

You collected 489 gold pieces.

Inventory:

Hand Weapons
 a - a +1 long sword (weapon)
 n - a +0 dagger of protection
 r - a +2 club
 z - a +0 scythe
 H - a +0 falchion
 N - a +0 blowgun
 R - a +0 short sword
 Y - a +1 antimagic spear
Missiles
 s - a throwing net (quivered)
 Z - 20 poisoned needles
Armour
 b - a cursed +0 chain mail
 c - a +0 shield (worn)
 l - a +0 chain mail
 X - a cursed +0 chain mail (worn)
Jewellery
 i - an amulet of rage (around neck)
 o - an uncursed ring of protection from cold
 u - a ring of protection from cold (left hand)
 y - a ring of poison resistance (right hand)
Wands
 g - a wand of slowing (42/48)
 q - a wand of flame (20/48)
 F - a wand of lightning (5/15)
 G - a wand of random effects (41/48)
 J - a wand of digging (7/24)
 O - a wand of flame (20/48)
 W - a wand of iceblast (10/15)
Scrolls
 p - 8 scrolls of teleportation
 x - a scroll of magic mapping
 B - a scroll of identify
 D - 3 scrolls of enchant armour
 E - 2 scrolls of blinking
 K - a scroll of random uselessness {unknown}
 P - 5 scrolls of remove curse
 S - 2 scrolls of amnesia
Potions
 d - 3 potions of might
 e - 8 potions of curing
 h - a potion of ambrosia
 j - 3 potions of brilliance
 k - a potion of degeneration
 t - a potion of cancellation
 v - a potion of haste
 A - a potion of flight
 C - a potion of lignification
 I - a potion of mutation
 T - a potion of berserk rage
 U - a potion of magic
Books
 w - a book of Cantrips

   Spells                             Type                      Level
   a - Confusing Touch                Hexes                        1
   b - Animate Skeleton               Necromancy                   1
   c - Summon Small Mammal            Summoning                    1
   d - Apportation                    Translocation                1
 V - a book of Maledictions

   Spells                             Type                      Level
   a - Corona                         Hexes                        1
   b - Ensorcelled Hibernation        Hexes/Ice                    2
   c - Confuse                        Hexes                        3
   d - Tukima's Dance                 Hexes                        3
   e - Dazzling Spray                 Conjuration/Hexes            3
Comestibles
 f - 8 bread rations
 m - 2 meat rations
 L - 5 fruits
 M - 2 chunks of flesh


   Skills:
 * Level 4.1 Fighting
 - Level 14.1 Long Blades
 - Level 3.7 Armour
 - Level 0.5 Stealth
 - Level 3.7 Shields


You had 8 spell levels left.
You didn't know any spells.

Dungeon Overview and Level Annotations

Branches:
Dungeon (8/15)             Temple (1/1) D:6            Lair (0/6) D:8

Altars:
Ashenzari
Cheibriados
Dithmenos
Elyvilon
Fedhas
Gozag
Hepliaklqana
Kikubaaqudgha
Makhleb
Nemelex Xobeh
Okawaru
Qazlal
Ru
Sif Muna
Trog
Uskayaw
Vehumet
Xom
Yredelemnul
Zin
The Shining One


Innate Abilities, Weirdness & Mutations

You reflexively headbutt those who attack you in melee.
You have a pair of horns on your head.


Message History

The manticore claws you but does no damage.
The manticore claws you!
Drop what? 51/52 slots (_ for help) (? for menu, Esc to quit)
Okay, then.
You feel very mighty all of a sudden. You block the manticore's attack.
The manticore claws you! The manticore closely misses you.
You closely miss the manticore. You closely miss the manticore.
You block the manticore's attack. The manticore barely misses you.
The manticore claws you!
* * * LOW HITPOINT WARNING * * *
The barbs in your skin will harm you if you move.
Continue?
Uppercase [Y]es or [N]o only, please.
The barbs in your skin will harm you if you move.
Continue?
The barbed spikes dig painfully into your body as you move.
* * * LOW HITPOINT WARNING * * *
The manticore flicks its tail.
The volley of spikes hits you!
The barbed spikes become lodged in your body.
You die...

...............##......##.### #.
##........###..####.#####.# #.
#.......รท###..#..........# #.
#.............#.##.#####.# #.
#.........##....##.......# #.
##.........##....########.# #.
##########.##....###....#.######.
').................'.............
##########.##..#@.##......######.
# #.##..#..##......# #.
#.##..#.H.#......######.
#.##..#.#...............
#.##..#.#..####.#######.
#...........###.#######.
.........#.................
..#####........###.###.###.
#..#####.###.###.###.


You could see a manticore.

Vanquished Creatures
  Sigmund (D:2)
  A yak (D:8)
  The ghost of Apogee the Cudgeler, an amateur DDBe of Trog (D:3)
  2 ogres
  A phantom (D:6)
  A centaur (D:7)
  A big kobold (D:7)
  3 bullfrogs
  3 scorpions
  A bullfrog zombie (D:5)
  3 crimson imps
  2 hounds
  3 orc priests
  A bullfrog skeleton (D:4)
  2 gnoll shamans (D:7)
  3 centaur skeletons
  Ijyb (D:2)
  3 orc wizards
  7 iguanas
  5 worker ants
  A hound zombie (D:8)
  A worker ant zombie (D:6)
  14 gnolls
  10 adders
  A river rat (D:5)
  3 shadow imps
  An adder zombie (D:7)
  A worm (D:4)
  4 dart slugs
  4 leopard geckos
  11 orcs
  3 ball pythons
  13 bats
  3 giant cockroaches
  7 goblins
  4 hobgoblins
  6 jackals
  4 quokkas
  13 frilled lizards
  12 kobolds
  A leopard gecko skeleton (D:4)
  A leopard gecko zombie (D:5)
  2 quokka skeletons (D:4)
  A quokka zombie (D:5)
  8 rats
  3 withered plants (D:7)
177 creatures vanquished.

Notes
Turn   | Place    | Note
-------+----------+-------------------------------------------
     0 | D:1      | Messajah the Minotaur Fighter began the quest for the Orb.
     0 | D:1      | Reached XP level 1. HP: 19/19 MP: 0/0
   110 | D:1      | Reached XP level 2. HP: 22/27 MP: 1/1
   124 | D:1      | Reached skill level 3 in Long Blades
   660 | D:2      | Reached XP level 3. HP: 32/33 MP: 2/2
   729 | D:2      | Noticed Sigmund
   822 | D:2      | Noticed Ijyb
   884 | D:2      | Killed Ijyb
   884 | D:2      | Reached skill level 4 in Long Blades
  1252 | D:2      | Killed Sigmund
  1252 | D:2      | Reached skill level 7 in Long Blades
  1252 | D:2      | Reached XP level 4. HP: 23/40 MP: 3/3
  1252 | D:2      | Reached XP level 5. HP: 27/46 MP: 4/4
  1325 | D:2      | Found an iron altar of Okawaru.
  1362 | D:2      | Became a worshipper of Warmaster Okawaru
  1609 | D:3      | Noticed Apogee's ghost (amateur DDBe)
  1997 | D:3      | Killed Apogee's ghost
  1997 | D:3      | Reached skill level 8 in Long Blades
  1997 | D:3      | Reached XP level 6. HP: 29/52 MP: 5/5
  2587 | D:3      | Found an opulent altar of Gozag.
  2587 | D:3      | Found a snail-covered altar of Cheibriados.
  2587 | D:3      | Found a deep blue altar of Sif Muna.
  2588 | D:3      | Found a shimmering altar of Xom.
  3043 | D:4      | Found a bloodstained altar of Trog.
  3057 | D:4      | Found a hazy altar of Hepliaklqana.
  3162 | D:4      | Reached * piety under Okawaru
  3162 | D:4      | Reached skill level 9 in Long Blades
  3162 | D:4      | Reached XP level 7. HP: 35/58 MP: 6/6
  3359 | D:4      | Found a shadowy altar of Dithmenos.
  3359 | D:4      | Found a sacrificial altar of Ru.
  3468 | D:5      | Entered Level 5 of the Dungeon
  3580 | D:5      | Reached skill level 10 in Long Blades
  3827 | D:5      | Found a glowing drain.
  3870 | Sewer    | Entered a sewer
  5233 | D:6      | Reached skill level 11 in Long Blades
  5233 | D:6      | Reached XP level 8. HP: 66/66 MP: 7/7
  5489 | D:6      | Reached ** piety under Okawaru
  5564 | D:6      | Found a staircase to the Ecumenical Temple.
  5569 | Temple   | Entered the Ecumenical Temple
  6352 | D:7      | Reached skill level 12 in Long Blades
  6982 | D:7      | Found an ancient bone altar of Kikubaaqudgha.
  6989 | D:7      | Found a blossoming altar of Fedhas.
  7150 | D:7      | Reached skill level 13 in Long Blades
  7759 | D:8      | Reached XP level 9. HP: 50/71 MP: 8/8
  7930 | D:8      | Reached *** piety under Okawaru
  8249 | D:8      | Noticed an elephant
  8250 | D:8      | Found a staircase to the Lair.
  8307 | D:8      | Reached skill level 14 in Long Blades
  8885 | D:8      | Noticed a manticore
  8898 | D:8      | Killed from afar by a manticore

Skill      XL: |  1  2  3  4  5  6  7  8  9 |
---------------+----------------------------+-----
Long Blades    | 3 7 8 9 11 13 14 | 14.1
Fighting       | 4 |  4.1
Armour         | |  3.7
Stealth        | |  0.5
Shields        | |  3.7

Action                   |  1- 3 |  4- 6 |  7- 9 || total
-------------------------+-------+-------+-------++-------
Melee: Long sword        |    68 |    78 |   432 ||   578
       Headbutt          |     7 |    12 |    85 ||   104
Invok: Heroism           |       |       |     2 ||     2
  Use: Scroll            |     1 |     7 |    15 ||    23
       Potion            |     1 |       |     3 ||     4
  Eat: Chunk             |     1 |     5 |     8 ||    14
       Beef jerky        |       |     1 |     1 ||     2
       Meat ration       |       |       |     2 ||     2
Armor: Scale mail        |    35 |    24 |    21 ||    80
       Robe              |       |     5 |       ||     5
       Chain mail        |       |       |   113 ||   113
Dodge: Dodged            |    21 |    51 |    65 ||   137
Block: Shield            |    47 |    26 |   174 ||   247
       Rpst.: Long sword |     4 |    15 |    19 ||    38
